Map: Abiogênese LE

Players

HunterLeandr - Winner!

  • Race: Zerg Zerg
  • League: Silver
  • Spawn Location: 5:00

IagoAbreu

  • Race: Terran Terran
  • League: Gold
  • Spawn Location: 11:00

VOD

Have the link to the VOD?

Description

Time

  • Played on: March 10, 2018, 8:51 a.m.
  • Length: 16:18
Show
View Real Time Build Order
Export as new Build Order

HunterLeandr Zerg - Winner!

Build Orders: Pool First 

Get SALT Encoding   

  12  0:02  Drone  
  13  0:14  Drone  
  13  0:17  Overlord  
  14  0:35  Spawning Pool  
  13  0:43  Drone x2  
  13  0:47  Drone  
  16  1:02  Extractor  
  15  1:15  Hatchery  
  14  1:23  Queen  
  16  1:30  Drone  
  17  1:35  Zergling x2  
  17  1:36  Zergling x2  
  19  1:54  Overlord  
  19  1:58  Zergling x2  
  20  2:08  Zergling x2  
  20  2:12  Metabolic Boost  
  21  2:18  Drone  
  22  2:26  Queen  
  22  2:29  Drone  
  25  2:35  Zergling x2  
  26  2:38  Zergling x4  
  26  2:42  Zergling x2  
  29  2:54  Drone x2  
  29  2:57  Drone  
  32  3:00  Drone  
  33  3:05  Overlord  
  33  3:13  Zergling x2  
  33  3:14  Zergling x2  
  33  3:16  Zergling x2  
  36  3:21  Extractor  
  35  3:30  Drone x2  
  37  3:43  Drone x3  
  37  3:45  Drone x2  
  42  3:55  Evolution Chamber  
  30  4:38  Zergling x12  
  34  4:39  Zergling x12  
  42  4:46  Zerg Melee Weapons Level 1  
  42  5:03  Hatchery  
  42  5:05  Roach Warren  
  40  5:09  Evolution Chamber  
  40  5:10  Hatchery  
  38  5:14  Evolution Chamber  
  38  5:18  Zergling x10  
  42  5:30  Spine Crawler  
  42  5:35  Spine Crawler  
  40  5:41  Spine Crawler  
  27  5:53  Roach x3  
  33  6:00  Zerg Missile Weapons Level 1  
  33  6:05  Drone  
  33  6:06  Drone  
  35  6:26  Queen  
  35  6:28  Drone  
  35  6:30  Queen  
  40  6:33  Drone  
  40  6:36  Drone  
  42  6:57  Drone x5  
  42  6:58  Drone  
  48  7:01  Drone  
  48  7:04  Lair  
  49  7:10  Pneumatized Carapace  
  49  7:20  Spore Crawler  
  49  7:22  Spore Crawler  
  47  7:25  Spore Crawler  
  46  7:32  Spore Crawler  
  46  7:35  Spore Crawler, Zerg Ground Armor Level 1  
  44  7:47  Drone  
  44  7:48  Drone x5  
  50  7:52  Extractor  
  50  7:57  Extractor  
  48  8:05  Roach x3  
  54  8:07  Roach  
  56  8:17  Spine Crawler  
  55  8:22  Spore Crawler  
  55  8:24  Spore Crawler  
  53  8:27  Spore Crawler  
  53  8:33  Spore Crawler  
  51  8:36  Roach x2  
  51  8:40  Overlord  
  55  8:42  Overlord  
  55  8:47  Glial Reconstitution  
  55  9:25  Hatchery  
  55  9:38  Roach x2  
  55  9:39  Roach x2  
  55  9:40  Roach x2  
  61  9:53  Roach x3  
  61  9:54  Roach, Zergling x2  
  61  9:55  Zergling x2  
  33  11:34  Roach  
  33  11:35  Roach x6  
  33  11:36  Roach x6  
  33  11:37  Roach x2, Zergling x8  
  33  11:38  Zergling x12  
  33  11:39  Zergling x8  
  71  12:10  Hydralisk Den  
  70  12:31  Zergling x2  
  70  12:34  Overlord x5  
  70  12:35  Overlord x3  
  71  12:58  Queen  
  73  13:09  Drone  
  74  13:20  Hydralisk  
  76  13:28  Hydralisk  
  78  13:40  Drone x2  
  80  13:42  Drone  
  81  13:56  Hydralisk  
  81  13:57  Hydralisk  
  85  14:08  Muscular Augments  
  85  14:13  Drone x2  
  85  14:14  Drone  
  88  14:18  Drone  
  89  14:25  Drone x2  
  89  14:27  Drone  
  84  15:00  Hydralisk x3  
  84  15:01  Hydralisk x4  
Show
View Real Time Build Order
Export as new Build Order

IagoAbreu Terran 

Build Orders:  

Get SALT Encoding   

  12  0:09  Supply Depot  
  12  0:18  SCV  
  13  0:30  SCV  
  13  0:34  Supply Depot  
  14  0:44  Refinery  
  14  0:46  SCV  
  15  0:59  Engineering Bay  
  15  1:01  SCV  
  16  1:13  SCV  
  16  1:16  Barracks  
  17  1:21  Refinery  
  17  1:28  SCV  
  18  2:05  Orbital Command  
  18  2:10  Factory  
  18  2:15  Barracks Reactor  
  18  2:32  SCV  
  19  2:47  Command Center  
  19  2:48  SCV  
  20  2:53  Marine x2  
  22  3:11  Factory Tech Lab  
  22  3:18  Armory  
  22  3:23  Starport  
  22  3:28  Starport  
  22  3:33  SCV  
  23  3:55  Widow Mine x2  
  27  3:57  Marine  
  28  4:09  Supply Depot  
  28  4:12  Supply Depot  
  28  4:15  Marine  
  18  4:42  Widow Mine x2  
  18  4:44  Marine  
  23  4:48  Supply Depot  
  23  4:59  SCV  
  24  5:02  Marine  
  25  5:12  SCV  
  26  5:24  SCV  
  27  5:34  Liberator x2, Factory Reactor  
  27  5:41  Barracks Tech Lab  
  21  5:56  Banshee  
  30  6:19  SCV  
  31  6:31  SCV  
  32  6:34  Terran Ship Weapons Level 1  
  32  6:43  SCV  
  33  6:47  Orbital Command  
  33  6:50  Liberator  
  36  7:18  SCV  
  37  7:25  Widow Mine x2  
  41  7:30  SCV  
  41  7:32  Banshee  
  45  7:42  SCV  
  46  7:54  Barracks Reactor  
  46  8:03  Refinery  
  46  8:06  Refinery  
  46  8:15  Supply Depot x2  
  46  8:17  Supply Depot  
  46  8:18  Supply Depot  
  46  8:31  Cloaking Field  
  46  8:34  Terran Ship Weapons Level 2  
  46  8:36  Marine x2, SCV  
  46  8:39  Supply Depot  
  46  8:40  Supply Depot  
  46  8:41  Supply Depot x2  
  49  8:48  SCV  
  49  8:51  Liberator x2  
  49  8:54  Marine x2  
  52  9:01  SCV  
  59  9:15  SCV  
  60  9:28  SCV  
  60  9:29  Widow Mine x2  
  65  9:40  SCV  
  66  9:52  SCV  
  67  10:04  SCV  
  68  10:14  Liberator x2  
  68  10:33  Banshee  
  47  11:44  Liberator x2  
  47  12:03  Marine x2  
  47  12:06  Widow Mine x2  
  59  12:21  Banshee  
  62  12:27  Marine x2  
  62  12:28  Widow Mine x2  
  68  12:34  SCV  
  68  12:36  SCV  
  70  12:46  SCV  
  70  12:48  SCV  
  72  12:52  Liberator x2  
  72  12:58  SCV  
  72  13:00  Widow Mine  
  72  13:01  SCV, Widow Mine  
  72  13:04  Banshee  
  81  13:10  SCV  
  88  13:13  SCV  
  88  13:16  Terran Ship Weapons Level 3  
  89  13:22  SCV  
  89  13:23  Marine x2  
  89  13:25  SCV  
  93  13:40  Marine, Supply Depot  
  93  13:41  Supply Depot  
  94  13:44  Supply Depot  
  94  13:58  Liberator  
  94  13:59  Liberator  
  94  14:01  Marine x2  
  102  14:18  Banshee  
  102  14:21  Marine  
  102  14:22  Marine  
  107  14:29  Cyclone x2  
  113  14:39  Marine x2  
  113  14:47  Missile Turret  
  113  14:53  Missile Turret  
  113  14:57  Marine x2  
Tags
 
Add a new tag
Caveats
  • Supply blocks, unpowered buildings, or Contaminate may cause inaccurate times.
  • Supply counts are checked every 10 seconds.